 Dungeon Crawl Stone Soup version 0.28.0-1-gb440e238dd (webtiles) character file.

Game seed: 15521847143097148968

67 issech the Cudgeller (level 3, 0/36 HPs)
             Began as a Troll Monk on Feb 23, 2022.
             Slain by a gnoll (10 damage)
             ... on level 2 of the Dungeon.
             The game lasted 00:03:17 (1105 turns).

issech the Cudgeller (Troll Monk)                   Turns: 1105, Time: 00:03:21

Health: 0/36       AC:  4    Str: 19    XL:     3   Next: 98%
Magic:  2/2        EV: 10    Int:  6    God:
Gold:   19         SH:  0    Dex: 14    Spells: 2/2 levels left

rFire   . . .      SeeInvis .   a - +0 mace
rCold   . . .      Faith    .   (no shield)
rNeg    . . .      Spirit   .   b - +0 robe
rPois   .          Reflect  .   (helmet restricted)
rElec   .          Harm     .   (no cloak)
rCorr   .          Rampage  .   (gloves unavailable)
Will    .....                   (boots unavailable)
Stlth   ++........              (no amulet)
HPRegen 0.92/turn               (no ring)
MPRegen 0.08/turn               (no ring)

@: no status effects
A: large, unfitting armour, claws 3, regeneration 1, shaggy fur 1, tough skin 1
a: no special abilities


You were on level 2 of the Dungeon.
You visited 1 branch of the dungeon, and saw 2 of its levels.

You collected 19 gold pieces.

Inventory:

Hand Weapons
 a - a +0 mace (weapon)
Missiles
 c - 58 stones (quivered)
Armour
 b - a +0 robe (worn)
Scrolls
 d - a scroll of enchant armour {unknown}
 f - 2 scrolls of identify {unknown}
 i - a scroll of enchant weapon {unknown}
 j - a scroll of teleportation {unknown}
Potions
 e - a potion of curing {unknown}
 g - a potion of degeneration {unknown}
 h - a potion of brilliance {unknown}


   Skills:
 + Level 2.9 Fighting
 + Level 3.6 Maces & Flails
 + Level 2.8 Dodging
 + Level 1.1 Stealth


You had 2 spell levels left.
You didn't know any spells.
Your spell library was empty.

Dungeon Overview and Level Annotations

Branches:
Dungeon (2/15)

Altars:
Fedhas

Annotations:
D:2 Robin


Innate Abilities, Weirdness & Mutations

You are too large for most types of armour.
You have claws for hands.
Your natural rate of healing is unusually fast.
You are covered in fur. (AC +1)
You have tough skin. (AC +1)


Message History

Robin roars a battlecry!
The goblins go into a battle-frenzy!
The goblin barely misses you.
You hit the goblin.
You kill the goblin!
The goblin hits you but does no damage.
You barely miss the goblin. The goblin hits you but does no damage.
The goblin hits you with a +0 dagger. The goblin barely misses you.
You hit the goblin.
You kill the goblin!
The goblin shoots a stone.
The stone closely misses you. The goblin closely misses you.
You barely miss the gnoll. The goblin hits you with a +0 dagger.
The gnoll hits you with a +0 flail!
You hit the gnoll but do no damage. The goblin hits you but does no damage.
A goblin comes into view. It is wielding a +0 club.
The gnoll closely misses you.
You hit the gnoll.
The gnoll is moderately wounded.
The goblin closely misses you. The gnoll barely misses you.
The goblin hits you with a +0 dagger. The gnoll hits you with a +0 flail!
You hit the gnoll.
The gnoll is heavily wounded.
The gnoll closely misses you. The goblin hits you with a +0 dagger.
You hit the gnoll.
The gnoll is severely wounded.
The goblin barely misses you. The gnoll hits you with a +0 flail.
You barely miss the gnoll.
The gnoll is severely wounded.
Robin throws the goblin at you! The goblin hits you but does no damage.
The goblin barely misses you. The gnoll hits you with a +0 flail.
Robin throws the goblin at you!
You hit the gnoll.
The gnoll is almost dead.
The goblin misses you. The goblin barely misses you.
The gnoll barely misses you. The goblin barely misses you. x2
The goblin hits you with a +0 dagger.
* * * LOW HITPOINT WARNING * * *
The gnoll hits you with a +0 flail!
You die...

...........................
...........................
...........................
.........#.................
.........#.....).).†.......
.........#......#######....
###.....g#......#######....
........wggg..........#....
.........#@g..........#....
....g..g.##...........#....
...g.g.g.##...........#....
........####..........#....
.g......# #..........#....
...)....# #..........#.###
gg......# #..........#.#
#..........#.###
#.##########.#..


You could see a worm, a gnoll and 4 goblins.

Vanquished Creatures
  3 gnolls (D:2)
  A ball python (D:1)
  3 endoplasms
  8 goblins
  5 hobgoblins
  3 quokkas
  4 bats
  A frilled lizard (D:1)
  3 kobolds
  A rat (D:1)
32 creatures vanquished.

Notes
Turn   | Place    | Note
-------+----------+-------------------------------------------
     0 | D:1      | issech the Troll Monk began the quest for the Orb.
     0 | D:1      | Reached XP level 1. HP: 22/22 MP: 0/0
    86 | D:1      | Reached skill level 3 in Maces & Flails
   153 | D:1      | Reached XP level 2. HP: 29/29 MP: 1/1
   761 | D:2      | Found a blossoming altar of Fedhas.
  1003 | D:2      | Reached XP level 3. HP: 36/36 MP: 2/2
  1086 | D:2      | Noticed Robin
  1105 | D:2      | Slain by a gnoll

Illustrated notes

Levels and vault maps discovered:
D:1:      minmay_arrival_loop, layout_loops_ring, item_on_display_a
D:2:      layout_basic, basic_altar, uniq_robin, uniq_terence

Skill      XL: |  1 |
---------------+----+-----
Maces & Flails | 3 |  3.6
Fighting       | |  2.9
Dodging        | |  2.8
Stealth        | |  1.1

Action                   || total
-------------------------++-------
Melee: Mace              ||    91
       Punch             ||     2
 Stab: Sleeping          ||     1
Armor: Robe              ||    41
Dodge: Dodged            ||    71
